 Dungeon Crawl Stone Soup version 0.32-a0-18-g89e19f1974 (webtiles) character file.

Game seed: 13779579756831719566

6286 graki42 the Destroyer (level 10, -4/76 HPs)
             Began as a Gnoll Conjurer on Jan 16, 2024.
             Was a Follower of Sif Muna.
             Slain by an orc warrior
             ... wielding a +0 short sword
              (9 damage)
             ... on level 8 of the Dungeon.
             The game lasted 00:31:28 (7669 turns).

graki42 the Destroyer (Gnoll Conjurer)              Turns: 7669, Time: 00:31:29

Health: -4/76      AC:  5    Str:  7    XL:     10   Next: 94%
Magic:  12/21      EV: 19    Int: 22    God:    Sif Muna [*.....]
Gold:   411        SH:  0    Dex: 10    Spells: 10/24 levels left

rFire   . . .        m - +2 dagger (pain)
rCold   . . .        (no shield)
rNeg    . . .        a - +0 robe
rPois   .            g - +0 helmet
rElec   .            (no cloak)
rCorr   .            j - +0 pair of gloves
SInv    .            (no boots)
Will    .....        h - amulet of magic regeneration
Stlth   +++          c - +5 ring of evasion
HPRegen 0.32/turn    (no ring)
MPRegen 0.57/turn

%: no passive effects
@: no status effects
A: fangs 1, strong nose, distributed training
a: Renounce Religion, Channel Magic


You were on level 8 of the Dungeon.
You worshipped Sif Muna.
Sif Muna was aware of your devotion.
You visited 2 branches of the dungeon, and saw 9 of its levels.

You collected 411 gold pieces.

Inventory:

Hand Weapons
 k - a +1 dagger of holy wrath
 m - a +2 dagger of pain (weapon)
Missiles
 D - 3 throwing nets
Armour
 a - a +0 robe (worn)
 g - a +0 helmet (worn)
 j - a +0 pair of gloves (worn)
 C - a scarf of shadows
Jewellery
 c - a +5 ring of evasion (left hand)
 h - an amulet of magic regeneration (around neck)
 r - the amulet of Undoing {Reflect rElec rC+++ Str-3 Int+5 SH+5}
   (You found it on level 4 of the Dungeon)

   [amulet of reflection]

   Reflect:   It reflects blocked missile attacks.
   Str-3:     It affects your strength (-3).
   Int+5:     It affects your intelligence (+5).
   rC+++:     It renders you almost immune to cold.
   rElec:     It insulates you from electricity.
   SH+5:      It affects your SH (+5).
 t - a ring of poison resistance
 y - a +4 ring of slaying
Wands
 p - a wand of flame (13)
 u - a wand of charming (12)
Scrolls
 d - a scroll of torment {unknown}
 e - 2 scrolls of teleportation
 f - a scroll of summoning {unknown}
 i - 2 scrolls of enchant weapon {unknown}
 l - a scroll of vulnerability {unknown}
 o - 4 scrolls of identify
 v - 2 scrolls of immolation {unknown}
 x - 2 scrolls of fog {unknown}
 B - a scroll of amnesia
 F - a scroll of acquirement {unknown}
Potions
 b - a potion of magic
 q - a potion of mutation
 s - a potion of brilliance
 w - a potion of might
 z - a potion of degeneration {unknown}
 A - a potion of attraction {unknown}
 E - a potion of ambrosia {unknown}


   Skills:
 + Level 6.0 Fighting
 + Level 6.0 Short Blades
 + Level 6.0 Long Blades
 + Level 6.0 Axes
 + Level 6.0 Maces & Flails
 + Level 6.0 Polearms
 + Level 6.0 Staves
 + Level 6.0 Ranged Weapons
 + Level 6.0 Throwing
 + Level 6.0 Armour
 + Level 7.6 Dodging
 + Level 7.3 Stealth
 + Level 6.0 Shields
 + Level 6.0 Unarmed Combat
 + Level 7.9 Spellcasting
 + Level 8.7 Conjurations
 + Level 4.9 Hexes
 + Level 4.9 Summonings
 + Level 4.9 Necromancy
 + Level 4.9 Translocations
 + Level 4.9 Fire Magic
 + Level 4.9 Ice Magic
 + Level 4.9 Air Magic
 + Level 4.9 Earth Magic
 + Level 4.9 Alchemy
 + Level 6.5 Invocations
 + Level 6.0 Evocations
 + Level 5.4 Shapeshifting


You had 10 spell levels left.
You knew the following spells:

 Your Spells              Type           Power      Damage    Failure   Level
a - Magic Dart            Conj           100%       1d8       1%          1
b - Searing Ray           Conj           94%        2d7       1%          2
c - Fulminant Prism       Conj/Alch      19%        3d10      4%          4
d - Iskenderun's Mystic   Conj/Tloc      38%        2d9       4%          4
e - Mephitic Cloud        Conj/Alch/Air  36%        N/A       1%          3

Your spell library contained the following spells:

 Spells                   Type           Power      Damage    Failure   Level
 Necrotise                Necr           100%       1d9       1%          1
 Mercury Vapours          Alch/Air       60%        N/A       1%          2
 Dazzling Flash           Conj/Hex       76%        N/A       1%          3
 Call Canine Familiar     Summ           30%        N/A       3%          3
 Sigil of Binding         Hex            30%        N/A       3%          3
 Vampiric Draining        Necr           30%        2d8       3%          3
 Dimensional Bullseye     Hex/Tloc       15%        N/A       10%         4
 Martyr's Knell           Necr/Summ      30%        N/A       10%         4
 Freezing Cloud           Conj/Ice/Air   18%        6-21      16%         5
 Curse of Agony           Necr           30%        N/A       26%         5
 Silence                  Hex/Air        15%        N/A       26%         5


Dungeon Overview and Level Annotations

Branches:
Dungeon (8/15)             Temple (1/1) D:6
   Lair: D:8-11

Altars:
Ashenzari
Cheibriados
Elyvilon
Gozag
Hepliaklqana
Kikubaaqudgha
Makhleb
Nemelex Xobeh
Okawaru
Qazlal
Ru
Sif Muna
Trog
Vehumet
Wu Jian
Xom
Yredelemnul
Zin
The Shining One

Shops:
D:5 ?   D:7 !

Annotations:
D:8 3 runed translucent doors


Innate Abilities, Weirdness & Mutations

You have very sharp teeth.
Your uncanny sense of smell can sniff out nearby items.
Your experience applies equally to all skills.


Message History

* * * LOW HITPOINT WARNING * * *
Unknown command.
Casting: Iskenderun's Mystic Blast (dangerous; 4% risk of failure)
Confirm with . or Enter, or press ? or * to list all spells.
You erupt in a blast of force!
The mystic blast hits the centaur warrior!
The centaur warrior is almost dead.
The centaur warrior is knocked back by the mystic blast.
The centaur warrior collides with the orc warrior!
The orc warrior is moderately wounded.
The centaur warrior is almost dead.
The centaur warrior shoots an arrow.
The arrow misses you.
Casting: Iskenderun's Mystic Blast (dangerous; 4% risk of failure)
Confirm with . or Enter, or press ? or * to list all spells.
You erupt in a blast of force!
The mystic blast hits the acid dragon!
The acid dragon is severely wounded.
The acid dragon is knocked back by the mystic blast.
The mystic blast hits the centaur warrior!
You kill the centaur warrior!
Sif Muna accepts your kill.
An orc wizard comes into view.
It is wielding a +3 falchion of holy wrath.
Your Fighting skill increases to level 6!
Your Short Blades skill increases to level 6!
Your Long Blades skill increases to level 6!
Your Axes skill increases to level 6!
Your Maces & Flails skill increases to level 6!
Your Polearms skill increases to level 6!
Your Staves skill increases to level 6!
Your Ranged Weapons skill increases to level 6!
Your Throwing skill increases to level 6!
Your Armour skill increases to level 6!
Your Shields skill increases to level 6!
Your Unarmed Combat skill increases to level 6!
Your Evocations skill increases to level 6!
Unknown command.
The acid dragon spits acid at you. The splash of acid misses you.
There is a stone staircase leading up here.
The orc warrior hits you with a +0 short sword!
You die...

#######
#######..@..##############
.'....#..o..'...#.........
#....'.D>..#...#.........
#....#.....#...#.......[.
##############.....######..##'###
...........D...#####.####..#.....
.............$.#...........#.....
...o..)....o...#...........#.....
............)..#...........#.....


You could see an orc warrior, an acid dragon and an orc wizard.

Vanquished Creatures
  A centaur warrior (D:8)
  Pikel (D:5)
  Maurice (D:7)
  A cyclops (D:8)
  A troll (D:8)
  Grinder (D:3)
  Prince Ribbit (D:6)
  A hornet (D:8)
  A vampire (D:6)
  A vampire mosquito (D:7)
  A steam dragon (D:8)
  Edmund (D:5)
  An ice beast (D:6)
  A sky beast (D:6)
  2 ogres (D:4)
  A black bear (D:8)
  3 centaurs (D:7)
  4 lemures
  2 phantoms
  2 kobold brigands
  3 bullfrogs
  8 scorpions
  A gnoll sergeant (D:7)
  4 wights (D:7)
  4 bombardier beetles
  2 howler monkeys
  5 jellies
  5 orc priests
  3 hounds
  A gnoll bouda (D:8)
  3 iguanas
  A sleepcap (D:5)
  7 orc wizards
  Robin (D:2)
  8 adders
  17 gnolls
  A shadow imp (D:6)
  4 white imps
  2 ribbon worms
  32 orcs
  4 endoplasms
  2 giant cockroaches
  12 goblins
  9 hobgoblins
  10 jackals
  3 quokkas
  6 ball pythons
  4 bats
  2 frilled lizards (D:2)
  17 kobolds
  7 rats
216 creatures vanquished.

Vanquished Creatures (others)
  3 fulminant prisms
3 creatures vanquished.

Grand Total: 219 creatures vanquished

Notes
Turn   | Place    | Note
-------+----------+-------------------------------------------
     0 | D:1      | graki42 the Gnoll Conjurer began the quest for the Orb.
     0 | D:1      | Reached XP level 1. HP: 13/13 MP: 6/6
   112 | D:1      | Reached XP level 2. HP: 20/20 MP: 2/7
   115 | D:1      | Learned a level 2 spell: Searing Ray
   275 | D:1      | Found a faded altar of an unknown god.
   538 | D:2      | Reached skill level 5 in Spellcasting
   538 | D:2      | Reached XP level 3. HP: 18/25 MP: 3/9
   539 | D:2      | Reached skill level 1 in Invocations
   673 | D:2      | Reached skill level 1 in Fighting
   673 | D:2      | Reached skill level 1 in Short Blades
   673 | D:2      | Reached skill level 1 in Long Blades
   673 | D:2      | Reached skill level 1 in Axes
   673 | D:2      | Reached skill level 1 in Maces & Flails
   673 | D:2      | Reached skill level 1 in Polearms
   673 | D:2      | Reached skill level 1 in Staves
   673 | D:2      | Reached skill level 1 in Ranged Weapons
   673 | D:2      | Reached skill level 1 in Throwing
   673 | D:2      | Reached skill level 1 in Armour
   673 | D:2      | Reached skill level 1 in Shields
   673 | D:2      | Reached skill level 1 in Unarmed Combat
   673 | D:2      | Reached skill level 1 in Evocations
   739 | D:2      | You fall into a shaft and drop 1 floor!
   881 | D:3      | Reached skill level 1 in Hexes
   881 | D:3      | Reached skill level 1 in Summonings
   881 | D:3      | Reached skill level 1 in Necromancy
   881 | D:3      | Reached skill level 1 in Translocations
   881 | D:3      | Reached skill level 1 in Fire Magic
   881 | D:3      | Reached skill level 1 in Ice Magic
   881 | D:3      | Reached skill level 1 in Air Magic
   881 | D:3      | Reached skill level 1 in Earth Magic
   881 | D:3      | Reached skill level 1 in Alchemy
   881 | D:3      | Reached skill level 1 in Shapeshifting
   881 | D:3      | Reached XP level 4. HP: 8/32 MP: 0/11
  1162 | D:3      | Reached XP level 5. HP: 37/37 MP: 9/12
  1251 | D:3      | Learned a level 4 spell: Fulminant Prism
  1256 | D:3      | Learned a level 4 spell: Iskenderun's Mystic Blast
  1553 | D:2      | Noticed Robin
  1558 | D:2      | Killed Robin
  1747 | D:2      | Reached XP level 6. HP: 44/44 MP: 10/14
  2299 | D:3      | Noticed Grinder
  2310 | D:3      | Paralysed by Grinder for 2 turns
  2316 | D:3      | Killed Grinder
  2317 | D:3      | Reached skill level 5 in Dodging
  2317 | D:3      | Reached XP level 7. HP: 32/51 MP: 5/15
  2821 | D:4      | Reached skill level 5 in Stealth
  2883 | D:4      | Identified the amulet of Undoing {Reflect rElec rC+++ Str-3
                  | Int+5 SH+5}
  3049 | D:4      | Reached XP level 8. HP: 43/58 MP: 11/16
  3488 | D:5      | Entered Level 5 of the Dungeon
  3690 | D:5      | Noticed Edmund
  3700 | D:5      | Killed Edmund
  3904 | D:5      | Found a stormy altar of Qazlal.
  3919 | D:5      | Found a glowing golden altar of the Shining One.
  3965 | D:5      | Found an ornate altar of the Wu Jian Council.
  4009 | D:5      | Found The Oracle's Delphic Readings.
  4139 | D:5      | Noticed Pikel
  4159 | D:5      | Killed Pikel
  4160 | D:5      | Reached skill level 8 in Conjurations
  4160 | D:5      | Reached XP level 9. HP: 59/65 MP: 0/18
  4332 | D:6      | Found a glowing silver altar of Zin.
  4389 | D:6      | Noticed Prince Ribbit
  4398 | D:6      | Killed Prince Ribbit
  4430 | D:6      | Reached skill level 5 in Invocations
  5077 | D:6      | Found a staircase to the Ecumenical Temple.
  5144 | Temple   | Entered the Ecumenical Temple
  5158 | Temple   | Became a worshipper of Sif Muna the Loreminder
  5487 | D:6      | Reached skill level 5 in Fighting
  5487 | D:6      | Reached skill level 5 in Short Blades
  5487 | D:6      | Reached skill level 5 in Long Blades
  5487 | D:6      | Reached skill level 5 in Axes
  5487 | D:6      | Reached skill level 5 in Maces & Flails
  5487 | D:6      | Reached skill level 5 in Polearms
  5487 | D:6      | Reached skill level 5 in Staves
  5487 | D:6      | Reached skill level 5 in Ranged Weapons
  5487 | D:6      | Reached skill level 5 in Throwing
  5487 | D:6      | Reached skill level 5 in Armour
  5487 | D:6      | Reached skill level 5 in Shields
  5487 | D:6      | Reached skill level 5 in Unarmed Combat
  5487 | D:6      | Reached skill level 5 in Evocations
  5487 | D:6      | Reached XP level 10. HP: 53/74 MP: 5/20
  5571 | D:7      | Noticed Maurice
  6080 | D:7      | Learned a level 3 spell: Mephitic Cloud
  6140 | D:7      | Killed Maurice
  6159 | D:7      | Found Kawiw's Distillery.
  6610 | D:8      | Reached * piety under Sif Muna
  6896 | D:8      | Reached skill level 5 in Shapeshifting
  7093 | D:8      | Noticed a cyclops
  7338 | D:8      | Killed a cyclops
  7376 | D:8      | Found a runed translucent door.
  7377 | D:8      | Found a runed translucent door.
  7377 | D:8      | Noticed a centaur warrior
  7378 | D:8      | Noticed a red ugly thing
  7378 | D:8      | Found a runed translucent door.
  7378 | D:8      | Noticed a tengu warrior
  7378 | D:8      | Noticed an ice dragon
  7407 | D:8      | Noticed a centaur warrior
  7660 | D:8      | HP: 3/76 [centaur warrior/arrow (19)]
  7662 | D:8      | Killed a centaur warrior
  7669 | D:8      | Slain by an orc warrior

Illustrated notes

Levels and vault maps discovered:
D:1:      scummos_arrival_hexagon, layout_rooms,
          dreamdust_ecumenical_altar_grove
D:2:      layout_basic, st_stairs_4, uniq_robin
D:3:      cheibrodos_pilgrimage, layout_basic, uniq_grinder
D:4:      layout_rooms, grunt_ministairs_1, kennysheep_potato
D:5:      layout_cave_pools, pdpol_wu_jian_five_deadly_venoms,
          lemuel_coloured_pillars_altar, nicolae_qazlal_scattered_showers,
          nicolae_nh_oracle_at_delphi, uniq_pikel, uniq_edmund
D:6:      layout_basic, mainiacjoe_overflow_alcove_4,
          minmay_temple_entry_junction, uniq_prince_ribbit1
D:7:      layout_cave_pools, serial_shops, nicolae_shop_tiny_glass,
          minmay_misc_feat_enclosed, kennysheep_generic_room_9, uniq_maurice
D:8:      minmay_the_grid_triangle_9x9_recursive_2
          [minmay_the_grid_triangle_9x9_prize_schism,
          minmay_the_grid_triangle_9x9_fully_insulated_deathbox,
          minmay_the_grid_triangle_9x9_windchime,
          minmay_the_grid_triangle_9x9_shrine], layout_gridville, minivault_21,
          roderic_serpentine_path, uniq_gastronok
Temple:   regret_index_temple_waves

Skill      XL: |  1  2  3  4  5  6  7  8  9 10 |
---------------+-------------------------------+-----
Spellcasting   | 5 6 7 |  7.9
Invocations    | 1 2 3 4 5 6 |  6.5
Fighting       | 1 2 3 4 5 6 |  6.0
Short Blades   | 1 2 3 4 5 6 |  6.0
Long Blades    | 1 2 3 4 5 6 |  6.0
Axes           | 1 2 3 4 5 6 |  6.0
Maces & Flails | 1 2 3 4 5 6 |  6.0
Polearms       | 1 2 3 4 5 6 |  6.0
Staves         | 1 2 3 4 5 6 |  6.0
Ranged Weapons | 1 2 3 4 5 6 |  6.0
Throwing       | 1 2 3 4 5 6 |  6.0
Armour         | 1 2 3 4 5 6 |  6.0
Shields        | 1 2 3 4 5 6 |  6.0
Unarmed Combat | 1 2 3 4 5 6 |  6.0
Evocations     | 1 2 3 4 5 6 |  6.0
Hexes          | 1 2 3 4 |  4.9
Summonings     | 1 2 3 4 |  4.9
Necromancy     | 1 2 3 4 |  4.9
Translocations | 1 2 3 4 |  4.9
Fire Magic     | 1 2 3 4 |  4.9
Ice Magic      | 1 2 3 4 |  4.9
Air Magic      | 1 2 3 4 |  4.9
Earth Magic    | 1 2 3 4 |  4.9
Alchemy        | 1 2 3 4 |  4.9
Shapeshifting  | 1 2 3 4 5 |  5.4
Dodging        | 5 6 7 |  7.6
Stealth        | 5 6 7 |  7.3
Conjurations   | 8 |  8.7

Action                     |  1- 3 |  4- 6 |  7- 9 | 10-12 || total
---------------------------+-------+-------+-------+-------++-------
  Melee: Dagger            |       |     4 |    44 |    42 ||    90
         Bite              |       |     2 |       |     8 ||    10
         Punch             |       |       |     1 |     1 ||     2
   Cast: Magic Dart        |    33 |    62 |    37 |    16 ||   148
         Searing Ray       |     4 |    13 |    47 |    37 ||   101
         Iskenderun's Myst |       |       |    21 |    26 ||    47
         Fulminant Prism   |       |       |     3 |       ||     3
         Mephitic Cloud    |       |       |       |    11 ||    11
    Use: Potion            |       |     4 |       |     3 ||     7
         Scroll            |       |     1 |     8 |       ||     9
   Stab: Sleeping          |       |       |     8 |     2 ||    10
         Distracted        |       |       |       |     1 ||     1
 Armour: Robe              |     5 |     4 |    56 |    73 ||   138
         Skin              |       |       |       |    11 ||    11
  Dodge: Dodged            |    19 |    12 |   117 |    98 ||   246

Table legend: (Time is in decaauts)
 A = Elapsed time spent in this place.
 B = Non-inter-level travel time spent in this place.
 C = Inter-level travel time spent in this place.
 D = Time resting spent in this place.
 E = Time spent auto-exploring this place.
 F = Levels seen in this place.
 G = Mean time per level.
                   A        B        C        D        E       F      G
               +--------+--------+--------+--------+--------+-----+--------+
         Total |   7663 |   7447 |    216 |   1609 |   4272 |   9 |  851.4 |
       Dungeon |   7633 |   7430 |    203 |   1609 |   4272 |   8 |  954.1 |
        Temple |     29 |     16 |     13 |      0 |      0 |   1 |   29.0 |
               +--------+--------+--------+--------+--------+-----+--------+

Top non-repeatable levels by time:
     D:6: 1613 daAuts
     D:3: 1232 daAuts
     D:7: 1038 daAuts
     D:2: 969 daAuts
     D:4: 841 daAuts
     D:8: 696 daAuts
     D:5: 637 daAuts
     D:1: 604 daAuts
  Temple: 29 daAuts
